 Dungeon Crawl Stone Soup version 0.21.1-1-g345015fe64 (webtiles) character file.

3370 Gargoyl the Covered (level 9, -3/66 HPs)
             Began as a Centaur Abyssal Knight on July 26, 2018.
             Was an Elder of Lugonu.
             Splashed by Maurice's acid (13 damage)
             ... on level 9 of the Dungeon.
             The game lasted 00:13:15 (7585 turns).

Gargoyl the Covered (Centaur Abyssal Knight)        Turns: 7585, Time: 00:13:16

Health: -3/66      AC:  7    Str: 16    XL:     9   Next: 73%
Magic:  14/14      EV:  6    Int: 14    God:    Lugonu [****..]
Gold:   0          SH:  0    Dex: 11    Spells: 8/8 levels left

rFire    . . .     SeeInvis .   d - +8 spear (freeze)
rCold    + . .     Gourm    .   (no shield)
rNeg     . . .     Faith    .   z - +1 chain mail {rPois}
rPois    +         Spirit   .   v - +1 helmet
rElec    .         Reflect  .   (no cloak)
rCorr    .         Harm     .   (no gloves)
MR       .....                  (no barding)
Stlth    ..........             (no amulet)
HPRegen  0.21/turn              s - ring of protection from cold
MPRegen  0.14/turn              x - +3 ring of intelligence

@: corroded, heavily drained, very quick
A: large, hooves 3, repulsion field 1, deformed body, speed 2, frail 1, tough
skin 3
a: Depart the Abyss, Bend Space, Banish, Corrupt, Renounce Religion


You were on level 9 of the Dungeon.
You worshipped Lugonu.
Lugonu was greatly pleased with you.
You were hungry.

You visited 1 branch of the dungeon, and saw 9 of its levels.
You visited the Abyss 1 time.

Inventory:

Hand Weapons
 d - a +8 spear of freezing (weapon)
 e - a +5 hand axe
Armour
 v - a +1 helmet (worn)
 z - a +1 chain mail of poison resistance (worn)
Jewellery
 s - a ring of protection from cold (left hand)
 x - a +3 ring of intelligence (right hand)
Wands
 b - a wand of flame (23)
 r - a wand of iceblast (9)
 t - a wand of paralysis (19)
 w - a wand of digging (6)
Scrolls
 j - a scroll of fear
 l - 5 scrolls of remove curse
 u - a scroll of identify
 A - a scroll of fog
Potions
 f - a potion of berserk rage
 g - 2 potions of heal wounds
 i - a potion of curing
 k - a potion of might
 m - a potion of brilliance
 n - a potion of ambrosia
 o - a potion of flight
 q - a potion of magic {unknown}
Books
 a - a book of Clouds

   Spells                             Type                      Level
   a - Poisonous Vapours              Poison/Air                   2
   b - Mephitic Cloud                 Conjuration/Poison/Air       3
   c - Conjure Flame                  Conjuration/Fire             3
   d - Freezing Cloud                 Conjuration/Ice/Air          6
   e - Ring of Flames                 Charms/Fire                  7
 p - a book of Air

   Spells                             Type                      Level
   a - Shock                          Conjuration/Air              1
   b - Swiftness                      Charms/Air                   2
   c - Static Discharge               Conjuration/Air              3
   d - Airstrike                      Air                          4
   e - Lightning Bolt                 Conjuration/Air              5
Comestibles
 c - 12 rations


   Skills:
 + Level 5.3(3.2) Fighting
 + Level 2.0(2.4) Axes
 + Level 6.3(4.3) Polearms
 * Level 6.9(4.7) Armour
 + Level 1.9(0.0) Dodging
 * Level 6.7(4.5) Invocations
 + Level 1.0(0.0) Evocations


You had 8 spell levels left.
You didn't know any spells.

Dungeon Overview and Level Annotations

Branches:
Dungeon (9/15)             Temple (0/1) D:5
   Lair: D:8-11         Orc: D:9-12

Altars:
Ashenzari
Elyvilon
Hepliaklqana
Makhleb
Nemelex Xobeh
Qazlal
Trog
Wu Jian
Zin

Shops:
D:5 *

Annotations:
D:9 Maurice


Innate Abilities, Weirdness & Mutations

You have hooves in place of feet.
Armour fits poorly on your strangely shaped body.
You cover ground very quickly.
You have extremely tough skin. (AC +3)
You are surrounded by a mild repulsion field. (EV +2)
You are frail. (-10% HP)


Message History

You hit something. You freeze something. You kick something.
Something hits you but does no damage.
You feel drained.
You closely miss something. Something hits you.
Something steals 349 gold pieces!
You now have 103 gold pieces.
You feel drained.
You closely miss something. You kick something. Something hits you.
Something steals 103 gold pieces!
You now have 0 gold pieces.
You feel drained.
You hit something. You freeze something. You miss something.
Something hits you.
Something grunts, "Curses!"
You hear some strange, mumbled words.
You feel drained.
Your chain mail prevents you from hitting something.
You kick something.
You hear a zap.
A bolt of acid appears from out of thin air!
The bolt of acid hits you!
* * * LOW HITPOINT WARNING * * *
You are splashed with acid!
The acid burns!
You die...

##...#
#...........#
#...#
####...........#
.............###
###.........#
#.........#
#.....#####
#.....# #.....#
#.{@..#
..........#
..........#
..........#
..........#
..........#
..........#
......?...#


There were no monsters in sight!

Vanquished Creatures
  A two-headed ogre (D:8)
  A hippogriff (D:7)
  A water moccasin (D:7)
  An orc warrior (D:8)
  A necrophage (D:8)
  A sky beast (D:5)
  An ice beast (D:5)
  4 ogres
  A crocodile (D:8)
  A big kobold (D:9)
  4 bullfrogs
  A gnoll sergeant (D:6)
  A water moccasin skeleton (D:6)
  9 wights (D:8)
  2 crimson imps
  3 hounds
  A jelly (D:5)
  4 orc wizards
  3 orc priests (D:8)
  Natasha (twice) (D:3)
  2 iguanas (D:7)
  8 worker ants
  A hound skeleton (D:4)
  A howler monkey zombie (D:8)
  3 gnolls (D:6)
  7 adders
  2 shadow imps
  2 oozes
  A worm (D:3)
  A dart slug (D:2)
  6 leopard geckos
  12 orcs
  2 ball pythons
  10 bats
  9 giant cockroaches
  6 goblins
  7 hobgoblins
  6 jackals
  12 kobolds
  4 frilled lizards
  A leopard gecko skeleton (D:7)
  A quokka zombie (D:6)
  9 rats
156 creatures vanquished.

Notes
Turn   | Place    | Note
-------+----------+-------------------------------------------
     0 | Abyss:1  | Gargoyl the Centaur Abyssal Knight began the quest for the Orb.
     0 | Abyss:1  | Reached XP level 1. HP: 19/19 MP: 2/2
    65 | Abyss:1  | Found a corrupted altar of Lugonu.
    74 | Abyss:1  | Found a corrupted altar of Lugonu.
    77 | Abyss:1  | Noticed a quasit
    80 | D:1      | Escaped the Abyss
   109 | D:1      | Reached * piety under Lugonu
   151 | D:1      | Reached skill level 1 in Dodging
   193 | D:1      | Reached XP level 2. HP: 26/26 MP: 3/3
   384 | D:1      | Reached XP level 3. HP: 31/31 MP: 4/4
   666 | D:1      | Reached ** piety under Lugonu
   727 | D:1      | Reached skill level 1 in Polearms
   859 | D:1      | Reached XP level 4. HP: 31/38 MP: 5/5
  1758 | D:3      | Noticed Natasha
  1767 | D:3      | Killed Natasha
  1767 | D:3      | Reached XP level 5. HP: 42/45 MP: 7/7
  1826 | D:3      | Noticed Natasha
  1833 | D:3      | Killed Natasha
  1968 | D:3      | Found a bloodstained altar of Trog.
  2409 | D:4      | Found a stormy altar of Qazlal.
  2433 | D:4      | Reached *** piety under Lugonu
  2433 | D:4      | Reached XP level 6. HP: 51/51 MP: 8/8
  2882 | D:4      | Found a hazy altar of Hepliaklqana.
  2976 | D:4      | Found a white marble altar of Elyvilon.
  3476 | D:5      | Entered Level 5 of the Dungeon
  3559 | D:5      | Found a glowing silver altar of Zin.
  3639 | D:5      | Found Cuyrisuk's Elemental Accessories.
  3657 | D:5      | Reached XP level 7. HP: 58/58 MP: 10/10
  3704 | D:5      | Found a staircase to the Ecumenical Temple.
  4199 | D:6      | Found a burning altar of Makhleb.
  4600 | D:6      | Reached skill level 5 in Invocations
  4600 | D:6      | Reached XP level 8. HP: 66/66 MP: 11/11
  5398 | D:7      | Reached skill level 5 in Armour
  5590 | D:7      | Noticed a hippogriff
  5605 | D:7      | Gained mutation: You are partially covered in rugged brown scales. (AC +1, +3% HP) [potion of mutation]
  5605 | D:7      | Gained mutation: Your mind is acute. (Int +2) [potion of mutation]
  5732 | D:7      | Killed a hippogriff
  5732 | D:7      | Reached skill level 5 in Polearms
  5992 | D:7      | Lost mutation: You are partially covered in rugged brown scales. (AC +1, +3% HP) [potion of mutation]
  5992 | D:7      | Lost mutation: Your mind is acute. (Int +2) [potion of mutation]
  5992 | D:7      | Gained mutation: You are frail. (-10% HP) [potion of mutation]
  5992 | D:7      | Gained mutation: You are surrounded by a mild repulsion field. (EV +2) [potion of mutation]
  6268 | D:8      | Reached XP level 9. HP: 61/65 MP: 13/13
  6305 | D:8      | Found a sparkling altar of Nemelex Xobeh.
  6319 | D:8      | Found a shattered altar of Ashenzari.
  6710 | D:8      | Reached **** piety under Lugonu
  6730 | D:8      | Noticed a two-headed ogre
  6740 | D:8      | Killed a two-headed ogre
  6740 | D:8      | Reached skill level 5 in Fighting
  6998 | D:8      | Reached skill level 1 in Evocations
  7006 | D:8      | Found an ornate altar of the Wu Jian Council.
  7068 | D:8      | Found a glowing silver altar of Zin.
  7569 | D:9      | Noticed Maurice
  7585 | D:9      | Splashed by Maurice's acid

Skill      XL: |  1  2  3  4  5  6  7  8  9 |
---------------+----------------------------+-----
Dodging        | 1 |  1.9
Axes           | 2 |  2.0
Polearms       | 1 2 3 4 5 6 |  6.3
Armour         | 2 3 4 5 6 |  6.9
Invocations    | 3 4 5 6 |  6.7
Fighting       | 4 5 |  5.3
Evocations     | 1 |  1.0

Action                   |  1- 3 |  4- 6 |  7- 9 || total
-------------------------+-------+-------+-------++-------
Melee: Spear             |    92 |   154 |   239 ||   485
       Kick              |    10 |    22 |    51 ||    83
Invok: Depart the Abyss  |     1 |       |       ||     1
Evoke: Wand              |       |     2 |     6 ||     8
  Use: Scroll            |     1 |    12 |    18 ||    31
       Potion            |       |       |     5 ||     5
  Eat: Chunk             |       |     7 |     6 ||    13
       Ration            |       |       |     1 ||     1
Armor: Leather armour    |     3 |       |       ||     3
       Chain mail        |    89 |   113 |    86 ||   288
       Plate armour      |       |       |    41 ||    41
       Skin              |       |       |     2 ||     2
Dodge: Dodged            |    36 |    43 |    50 ||   129
